 Dungeon Crawl Stone Soup version 0.30-a0-778-g2ef04afb54 (webtiles) character file.

Game seed: 5778198036816097656

5842 AndrolTheGreedy the Geomancer (level 10, -1/56 HPs)
             Began as a Gargoyle Earth Elementalist on Feb 16, 2023.
             Was an Initiate of Yredelemnul.
             Slain by a two-headed ogre
             ... wielding a +0 giant club
              (12 damage)
             ... on level 8 of the Dungeon.
             The game lasted 00:36:14 (9495 turns).

AndrolTheGreedy the Geomancer (GrEE)                Turns: 9495, Time: 00:36:14

Health: -1/56      AC: 21    Str: 15    XL:     10   Next: 80%
Magic:  3/17       EV: 10    Int: 17    God:    Yredelemnul [......]
Gold:   375        SH:  0    Dex: 10    Spells: 2/17 levels left

rFire   . . .      SeeInvis +    l - +1 short sword (venom)
rCold   . . .      Faith    +    (no shield)
rNeg    + . .      Spirit   .    C - +0 swamp dragon scales
rPois   ∞          Reflect  .    y - +0 helmet
rElec   +          Harm     .    (no cloak)
rCorr   .          Rampage  .    (no gloves)
Will    .....                    (no boots)
Stlth   +                        F - amulet of faith
HPRegen 0.29/turn                h - +4 ring of protection
MPRegen 0.15/turn                E - ring of see invisible

@: no status effects
A: sickness immunity, AC +7, negative energy resistance 1, electricity
resistance, torment resistance 1, petrification resistance
a: Renounce Religion, Recall Undead Harvest


You were on level 8 of the Dungeon.
You worshipped Yredelemnul.
Yredelemnul was aware of your devotion.
You visited 1 branch of the dungeon, and saw 8 of its levels.
You also visited: Bailey.

You collected 935 gold pieces.
You spent 560 gold pieces at shops.

Inventory:

Hand Weapons
 g - a +0 flail
 j - a +0 club
 l - a +1 short sword of venom (weapon)
 s - a +0 quarterstaff
Missiles
 k - 85 stones
Armour
 a - a +0 robe
 f - a +0 ring mail
 m - a +2 kite shield
 r - a +0 leather armour
 v - a +2 hat
 y - a +0 helmet (worn)
 C - +0 swamp dragon scales (worn)
 J - +0 steam dragon scales
Jewellery
 h - a +4 ring of protection (left hand)
 w - an amulet of regeneration
 z - a ring of positive energy
 E - a ring of see invisible (right hand)
 F - an amulet of faith (around neck)
 K - an amulet of guardian spirit
Wands
 B - a wand of mindburst (22)
 H - a wand of light (2)
 I - a wand of flame (18)
Scrolls
 b - 3 scrolls of fog
 c - a scroll of magic mapping {unknown}
 e - 5 scrolls of enchant armour
 p - a scroll of amnesia
 q - 2 scrolls of noise
 t - a scroll of vulnerability
 u - 2 scrolls of enchant weapon
 A - 4 scrolls of teleportation
 L - 2 scrolls of identify
 N - a scroll of butterflies {unknown}
Potions
 d - a potion of flight
 i - a potion of might
 n - 4 potions of curing
 o - a potion of ambrosia {unknown}
 D - a potion of cancellation {unknown}
 G - a potion of heal wounds {unknown}
 M - a potion of mutation {unknown}


   Skills:
 - Level 4.0 Fighting
 - Level 6.0 Armour
 - Level 1.6 Dodging
 - Level 2.3 Stealth
 - Level 4.0 Spellcasting
 - Level 4.0 Conjurations
 + Level 4.3 Transmutations
 + Level 10.3 Earth Magic
 - Level 10.0 Invocations


You had 2 spell levels left.
You knew the following spells:

 Your Spells              Type           Power      Damage    Failure   Level
a - Sandblast             Erth           76%        2d16      1%          1
b - Passwall              Tmut/Erth      23%        N/A       2%          2
c - Stone Arrow           Conj/Erth      54%        3d10      4%          3
d - Petrify               Tmut/Erth      28%        N/A       14%         4
e - Lee's Rapid Deconstr  Erth           19%        3d11*     12%         5

Your spell library contained the following spells:

 Spells                   Type           Power      Damage    Failure   Level
 Freeze                   Ice            12%        1d3       28%         1
 Leda's Liquefaction      Hex/Erth       10%        N/A       34%         4
 Hailstorm                Conj/Ice       10%        3d5       36%         3
 Frozen Ramparts          Ice            6%         1d1       63%         3
 Tukima's Dance           Hex            3%         N/A       63%         3
 Passage of Golubria      Tloc           3%         N/A       95%         4
 Summon Lightning Spire   Summ/Air       3%         N/A       95%         4
 Yara's Violent Unravell  Hex/Tmut       5%         3d4       97%         5
 Storm Form               Tmut/Air       5%         N/A       100%        7
 Maxwell's Capacitive Co  Air            1%         ∞         100%        8
 Statue Form              Tmut/Erth      Unusable   N/A       N/A         6

Dungeon Overview and Level Annotations

Branches:
Dungeon (8/15)             Temple (0/1) D:7          Bailey (visited)
   Lair: D:8-11

Altars:
Elyvilon
Makhleb
Okawaru
Xom
Yredelemnul
Zin

Shops:
D:8 =

Annotations:
D:2 1 runed translucent door, Crazy Yiuf


Innate Abilities, Weirdness & Mutations

You are immune to sickness and miasma.
Your stone body is resilient. (AC +7)
You are immune to poison.
You resist negative energy. (rN+)
You are resistant to electric shocks. (rElec)
You are resistant to unholy torment.
You are immune to petrification.


Message History

Casting: Sandblast (safe; 1% risk of failure)
Confirm with . or Enter, or press ? or * to list all spells.
Aiming: Sandblast (safe; 1% risk of failure)
Press: ? - help, Shift-Dir - straight line, f - acid dragon
Aim: an acid dragon (heavily wounded, catching its breath, 84% to hit)
The blast of sand hits the acid dragon!
You kill the acid dragon!
The two-headed ogre is engulfed in poison gas.
The two-headed ogre looks even sicker.
The two-headed ogre is engulfed in poison gas.
The two-headed ogre looks even sicker.
Aiming: Stone Arrow (dangerous; 4% risk of failure)
Press: ? - help, Q - select action, (/) - cycle Shift-Dir - straight line, f - two-headed ogre
Aim: a two-headed ogre, wielding two +0 giant clubs (moderately wounded, very poisoned, ally target, 86% to hit)
You miscast Stone Arrow.
You are very lightly contaminated with residual magic.
Nothing appears to happen.
Aiming: Stone Arrow (dangerous; 4% risk of failure)
Press: ? - help, Q - select action, (/) - cycle Shift-Dir - straight line, f/p - two-headed ogre
Aim: a two-headed ogre, wielding two +0 giant clubs (moderately wounded, very poisoned, ally target, 86% to hit)
The stone arrow hits the two-headed ogre!
The two-headed ogre is heavily wounded.
Found a shimmering altar of Xom.
Your magical contamination has completely faded away.
The two-headed ogre looks more healthy.
Casting: Stone Arrow (dangerous; 4% risk of failure)
Confirm with . or Enter, or press ? or * to list all spells.
Okay, then.
Okay, then.
Aiming: Sandblast (safe; 1% risk of failure)
Press: ? - help, Q - select action, (/) - cycle Shift-Dir - straight line, f/p - two-headed ogre
Aim: a two-headed ogre, wielding two +0 giant clubs (severely wounded, 92% to hit)
The blast of sand hits the two-headed ogre.
The two-headed ogre is severely wounded.
The two-headed ogre attacks as you move away!
The two-headed ogre hits you with a +0 giant club!
* * * LOW HITPOINT WARNING * * *
The two-headed ogre hits you with a +0 giant club!
You die...
Your body rises from the dead as a mindless zombie.

#.......####..# #.#####.# #..#
##########.#####.# #..#
...............#.# #..#
##########.###.#.# #.)####.#
.....)..##.#.#.#.####.........
...).).....#...#.##.....###.##
#####.).........O##.#...###
#### #
#...........@##..............
#
#............##.####.####..##
### ###......###.##.# ... ...
..# ######## #.#..# .... ###
..# #....# ... ..# ###......_
..######## #..#.... ##.).....#
#..#..... ##.#####.# ##.# ....


You could see a two-headed ogre.

Vanquished Creatures
  2 two-headed ogres
  Grinder (D:4)
  Prince Ribbit (D:5)
  3 spriggans (Bailey)
  A wraith (D:8)
  A steam dragon (D:8)
  2 acid dragons
  4 water moccasins
  2 black bears
  2 sky beasts
  6 ogres
  2 centaurs
  A phantom (D:6)
  4 bullfrogs
  A kobold brigand (D:8)
  2 necrophages
  2 scorpions
  4 wights (D:8)
  3 howler monkeys (D:8)
  2 hounds
  A jelly (D:6)
  Natasha (thrice) (D:3)
  4 iguanas
  2 orc wizards
  4 gnolls (D:8)
  A shadow imp (D:5)
  A white imp (D:6)
  3 worms
  13 dart slugs
  16 orcs
  6 endoplasms
  5 giant cockroaches
  10 goblins
  8 hobgoblins
  5 jackals (D:4)
  3 quokkas
  4 ball pythons
  6 bats
  A frilled lizard (D:1)
  6 kobolds
  6 rats
154 creatures vanquished.

Vanquished Creatures (collateral kills)
  3 ogres (Bailey)
  A phantom (D:4)
  2 hounds
  An orc (D:7)
  A goblin (D:8)
8 creatures vanquished.

Vanquished Creatures (others)
  A two-headed ogre zombie (D:8)
  A spriggan zombie (Bailey)
  A bullfrog zombie (D:8)
  A centaur zombie (D:7)
  5 ogre zombies (Bailey)
  A sky beast zombie (D:8)
  A howler monkey zombie (D:8)
  A steam dragon zombie (D:8)
  2 orcs (D:7)
  A quokka (D:7)
  A ball python zombie (D:4)
  A dart slug zombie (D:3)
  An endoplasm zombie (D:4)
  A goblin zombie (D:4)
  A jackal zombie (D:4)
  A kobold zombie (D:8)
  7 orc zombies
28 creatures vanquished.

Grand Total: 190 creatures vanquished

Notes
Turn   | Place    | Note
-------+----------+-------------------------------------------
     0 | D:1      | AndrolTheGreedy the Gargoyle Earth Elementalist began the
                  | quest for the Orb.
     0 | D:1      | Reached XP level 1. HP: 10/10 MP: 3/3
   217 | D:1      | Reached skill level 1 in Transmutations
   254 | D:1      | Reached XP level 2. HP: 15/15 MP: 1/5
   679 | D:1      | Learned a level 2 spell: Passwall
  1094 | D:2      | Reached XP level 3. HP: 19/19 MP: 4/6
  1149 | D:2      | Found a runed translucent door.
  1150 | D:2      | Noticed Crazy Yiuf
  1521 | D:2      | Learned a level 3 spell: Stone Arrow
  2102 | D:3      | Noticed Natasha
  2106 | D:3      | Killed Natasha
  2107 | D:3      | Reached skill level 5 in Earth Magic
  2107 | D:3      | Reached XP level 4. HP: 24/24 MP: 3/7
  2220 | D:3      | Noticed a black bear
  2261 | D:3      | Killed a black bear
  2262 | D:3      | Reached XP level 5. HP: 28/28 MP: 4/8
  2337 | D:3      | Found a basalt altar of Yredelemnul.
  2345 | D:3      | Became a worshipper of Yredelemnul the Dark
  2444 | D:3      | Reached XP level 6. HP: 32/32 MP: 5/9
  2503 | D:3      | Reached * piety under Yredelemnul
  2833 | D:3      | Noticed Natasha
  2836 | D:3      | Killed Natasha
  3209 | D:3      | Noticed Natasha
  3212 | D:3      | Killed Natasha
  3773 | D:4      | Noticed Grinder
  3784 | D:4      | Paralysed by Grinder for 3 turns
  3790 | D:4      | Reached XP level 7. HP: 27/36 MP: 7/10
  3793 | D:4      | Killed Grinder
  3865 | D:4      | Learned a level 4 spell: Petrify
  4644 | D:5      | Entered Level 5 of the Dungeon
  4703 | D:5      | Reached skill level 10 in Earth Magic
  4765 | D:5      | Reached skill level 1 in Conjurations
  4854 | D:5      | Found a glowing silver altar of Zin.
  4922 | D:5      | Reached XP level 8. HP: 41/41 MP: 8/12
  5083 | D:5      | Noticed Prince Ribbit
  5087 | D:5      | Killed Prince Ribbit
  5309 | D:5      | Reached ** piety under Yredelemnul
  5428 | D:6      | Reached skill level 1 in Fighting
  5957 | D:6      | Reached XP level 9. HP: 52/52 MP: 11/15
  6113 | D:6      | Reached skill level 1 in Armour
  6471 | D:7      | Reached skill level 1 in Invocations
  6617 | D:7      | Found a white marble altar of Elyvilon.
  6679 | D:7      | Learned a level 5 spell: Lee's Rapid Deconstruction
  6703 | D:7      | Found a burning altar of Makhleb.
  6836 | D:7      | Found a staircase to the Ecumenical Temple.
  7106 | D:7      | Found an iron altar of Okawaru.
  7349 | D:8      | Identified a scroll of acquirement
  7349 | D:8      | Acquired 454 gold pieces
  7736 | D:8      | Reached skill level 5 in Armour
  7807 | D:8      | Found a flagged portal.
  7826 | Bailey   | Entered a bailey
  7842 | Bailey   | Reached skill level 5 in Invocations
  7879 | Bailey   | Reached XP level 10. HP: 56/56 MP: 6/16
  7996 | Bailey   | Noticed a two-headed ogre
  8029 | Bailey   | Killed a two-headed ogre
  8370 | D:8      | Noticed a two-headed ogre
  8395 | D:8      | Killed a two-headed ogre
  8518 | D:8      | Found Rebarpha's Jewellery Boutique.
  8523 | D:8      | Bought an amulet of faith for 560 gold pieces
  8942 | D:8      | Reached skill level 10 in Invocations
  9442 | D:8      | Noticed a two-headed ogre
  9468 | D:8      | Found a shimmering altar of Xom.
  9495 | D:8      | Slain by a two-headed ogre

Illustrated notes

Levels and vault maps discovered:
D:1:      nagdon_arrival_zigzag_paths, layout_loops_ring
D:2:      layout_loops_ring, hangedman_decor_clover_reticule,
          uniq_crazy_yiuf_cottage
D:3:      kennysheep_slugbush, layout_loops_corners,
          mainiacjoe_overflow_boulevard, uniq_natasha
D:4:      layout_basic, nicolae_elevator_lobby_asterisk, uniq_grinder
D:5:      layout_gridville, zin_statuary, uniq_prince_ribbit1
D:6:      layout_basic
D:7:      layout_loops_cross, makhleb_heckhound_becter, elyvilon_altar_4,
          lemuel_crystal_altar, minmay_temple_entry_statues
D:8:      layout_basic, old_standard_altar, enter_bailey_3,
          minmay_shop_grid_forest, interstate_on_off

Skill      XL: |  1  2  3  4  5  6  7  8  9 10 |
---------------+-------------------------------+-----
Transmutations | 1 2 3 4 |  4.3
Earth Magic    | 4 5 6 7 8 10 | 10.3
Conjurations   | 2 4 |  4.0
Spellcasting   | 4 |  4.0
Fighting       | 3 4 |  4.0
Armour         | 5 6 |  6.0
Invocations    | 5 10 | 10.0
Dodging        | |  1.6
Stealth        | |  2.3

Action                     |  1- 3 |  4- 6 |  7- 9 | 10-12 || total
---------------------------+-------+-------+-------+-------++-------
  Melee: Short sword       |     4 |     8 |       |     5 ||    17
   Cast: Sandblast         |    51 |    67 |    86 |    49 ||   253
         Stone Arrow       |       |     2 |    26 |    12 ||    40
         Passwall          |       |     1 |       |     6 ||     7
         Petrify           |       |       |     3 |     4 ||     7
         Lee's Rapid Decon |       |       |       |     5 ||     5
 Invoke: Recall Undead Har |       |       |     3 |       ||     3
    Use: Scroll            |     3 |     1 |     8 |     2 ||    14
         Potion            |       |     1 |     3 |     2 ||     6
   Stab: Petrified         |       |       |       |     3 ||     3
 Armour: Ring mail         |     7 |       |       |       ||     7
         Leather armour    |       |    40 |    27 |     4 ||    71
         Swamp dragon scal |       |       |       |    37 ||    37
  Dodge: Dodged            |     4 |    41 |    44 |    35 ||   124

Table legend: (Time is in decaauts)
 A = Elapsed time spent in this place.
 B = Non-inter-level travel time spent in this place.
 C = Inter-level travel time spent in this place.
 D = Time resting spent in this place.
 E = Time spent auto-exploring this place.
 F = Levels seen in this place.
 G = Mean time per level.
                   A        B        C        D        E       F      G
               +--------+--------+--------+--------+--------+-----+--------+
         Total |   9633 |   9426 |    207 |   1003 |   6690 |   9 | 1070.3 |
       Dungeon |   9120 |   8913 |    207 |    717 |   6650 |   8 | 1140.0 |
        Bailey |    513 |    513 |      0 |    286 |     40 |   1 |  513.0 |
               +--------+--------+--------+--------+--------+-----+--------+

Top non-repeatable levels by time:
     D:8: 1664 daAuts
     D:4: 1333 daAuts
     D:3: 1291 daAuts
     D:6: 1107 daAuts
     D:1: 1068 daAuts
     D:2: 1031 daAuts
     D:7: 889 daAuts
     D:5: 733 daAuts
  Bailey: 513 daAuts
